 Dungeon Crawl Stone Soup version 0.25.1-1-g288607f5aa (webtiles) character file.

Game seed: 11099643995063154357

413 EriolAelfwine the Chopper (level 7, -1/55 HPs)
             Began as a Formicid Abyssal Knight on July 23, 2020.
             Was a Priest of Lugonu.
             Killed by divine providence
             ... invoked by an orc priest
              (10 damage)
             ... on level 4 of the Dungeon.
             The game lasted 00:08:27 (3671 turns).

EriolAelfwine the Chopper (Formicid Abyssal Knight) Turns: 3671, Time: 00:08:27

Health: -1/55      AC: 11    Str: 19    XL:     7   Next: 14%
Magic:  9/9        EV:  7    Int: 11    God:    Lugonu [***...]
Gold:   149        SH:  4    Dex: 10    Spells: 6/6 levels left

rFire    . . .     SeeInvis +   g - +0 war axe
rCold    . . .     Gourm    .   i - +0 buckler
rNeg     . . .     Faith    .   f - +0 chain mail
rPois    .         Spirit   .   (helmet unavailable)
rElec    .         Reflect  .   (no cloak)
rCorr    .         Harm     .   j - +0 pair of gloves
MR       .....                  a - +0 pair of boots
Stlth    ..........             (no amulet)
HPRegen  0.18/turn              (no ring)
MPRegen  0.11/turn              (no ring)

@: no status effects
A: permanent stasis, dig shafts and tunnels, four strong arms, antennae 3
a: Dig, Shaft Self, Depart the Abyss, Bend Space, Banish, Renounce Religion


You were on level 4 of the Dungeon.
You worshipped Lugonu.
Lugonu was most pleased with you.
You were not hungry.

You visited 1 branch of the dungeon, and saw 4 of its levels.
You visited the Abyss 1 time.

You collected 149 gold pieces.

Inventory:

Hand Weapons
 g - a +0 war axe (weapon)
Missiles
 b - 14 poisoned darts (quivered)
Armour
 a - a +0 pair of boots (worn)
 f - a +0 chain mail (worn)
 i - a +0 buckler (worn)
 j - a +0 pair of gloves (worn)
Jewellery
 h - an uncursed ring of poison resistance {unknown}
 o - a cursed amulet of inaccuracy {unknown}
 r - an uncursed ring of see invisible {unknown}
Wands
 m - a wand of disintegration (15)
Scrolls
 d - a scroll of blinking {unknown}
 q - a scroll of enchant weapon {unknown}
Potions
 e - a potion of magic
 k - a potion of curing {unknown}
 n - a potion of mutation
 p - a potion of heal wounds
Comestibles
 c - 9 rations
 l - a chunk of flesh


   Skills:
 + Level 4.5 Fighting
 * Level 4.6 Axes
 + Level 3.6 Armour
 - Level 0.8 Dodging
 - Level 2.4 Shields
 + Level 3.9 Invocations


You had 6 spell levels left.
You didn't know any spells.
Your spell library was empty.

Dungeon Overview and Level Annotations

Branches:
Dungeon (4/15)
 Temple: D:4-7

Altars:
Trog


Innate Abilities, Weirdness & Mutations

You cannot be hasted, slowed, berserked, paralysed or teleported.
You can dig through walls and to a lower floor.
Your four strong arms can wield two-handed weapons with a shield.
You have a pair of large antennae on your head. (SInv)


Message History

The ogre hits you with a +0 giant club!
You are too injured to fight recklessly!
You are too injured to fight recklessly!
You are too injured to fight recklessly!
You are too injured to fight recklessly!
Your chain mail prevents you from hitting the ogre.
The ogre is severely wounded.
You block the ogre's attack.
You slash the ogre!
The ogre is almost dead.
The ogre hits you with a +0 giant club!
Your chain mail prevents you from hitting the ogre.
The ogre is almost dead.
The orc priest invokes the aid of Beogh against you.
Beogh smites you!
* * * LOW HITPOINT WARNING * * *
The ogre barely misses you.
The orc priest mumbles some strange prayers to Beogh against you.
Beogh smites you!
You die...

#.# #..#.## #.# #.....#
#.# ##.#.## #.####.#.# #
#......#.# ## ##...[...# #
.## #.#.##..# .##
..###.......########...###
..'.............@.O.o.....
..###....#.######.##o..#.#
.## #.#.##.# #.# .## ##
#......# #.# .. # ###.####
#.# .. #.# #.# .# #.# #.#
# #.# #.. #.#


You could see an ogre, an orc priest and an orc.

Vanquished Creatures
  A phantom (D:4)
  Dowan (D:4)
  An orc priest (D:3)
  2 iguanas
  Terence (D:3)
  Robin (D:2)
  4 gnolls (D:2)
  2 adders
  2 worms (D:2)
  A dart slug (D:1)
  2 leopard geckos
  5 orcs (D:3)
  3 giant cockroaches
  19 goblins
  7 hobgoblins
  5 jackals (D:3)
  7 kobolds
  3 quokkas
  6 bats
  5 frilled lizards
  7 rats
85 creatures vanquished.

Notes
Turn   | Place    | Note
-------+----------+-------------------------------------------
     0 | Abyss:1  | EriolAelfwine the Formicid Abyssal Knight began the quest
                  | for the Orb.
     0 | Abyss:1  | Reached XP level 1. HP: 18/18 MP: 2/2
     8 | D:1      | Escaped the Abyss
    69 | D:1      | Reached XP level 2. HP: 13/24 MP: 3/3
   519 | D:1      | You fall into a shaft and drop 1 floor!
   522 | D:2      | Noticed Robin
   695 | D:1      | Reached XP level 3. HP: 26/29 MP: 4/4
   971 | D:2      | Reached ** piety under Lugonu
   988 | D:2      | Killed Robin
   991 | D:2      | Reached XP level 4. HP: 28/37 MP: 6/6
  1138 | D:2      | Noticed a moth of wrath
  1141 | D:2      | Found a bloodstained altar of Trog.
  1615 | D:2      | Reached XP level 5. HP: 42/42 MP: 7/7
  1876 | D:2      | Reached skill level 1 in Shields
  2468 | D:3      | Noticed Terence
  2482 | D:3      | Killed Terence
  2486 | D:3      | Found a faded altar of an unknown god.
  2787 | D:3      | Reached XP level 6. HP: 48/48 MP: 8/8
  2945 | D:3      | Reached *** piety under Lugonu
  3403 | D:4      | Noticed a phantom
  3430 | D:4      | Killed a phantom
  3430 | D:4      | Reached XP level 7. HP: 41/55 MP: 9/9
  3576 | D:4      | Noticed Dowan
  3584 | D:4      | Killed Dowan
  3671 | D:4      | Killed from afar by an orc priest

Illustrated notes

Levels and vault maps discovered:
D:1:      minmay_arrival_three_doors, layout_basic
D:2:      layout_loops_cross, tgw_trog, uniq_robin
D:3:      layout_loops_cross, chequers_ecumenical_altar_island, uniq_terence
D:4:      minmay_angry_zag, layout_loops_corners, serial_shops, shop,
          uniq_duvessa, uniq_pikel, uniq_menkaure

Skill      XL: |  1  2  3  4  5  6 |
---------------+-------------------+-----
Axes           | 3 4 |  4.6
Invocations    | 3 |  3.9
Armour         | 3 |  3.6
Shields        | 1 2 |  2.4
Fighting       | 4 |  4.5
Dodging        | |  0.8

Action                   |  1- 3 |  4- 6 |  7- 9 || total
-------------------------+-------+-------+-------++-------
Melee: Hand axe          |    79 |    94 |       ||   173
       War axe           |       |    95 |    12 ||   107
 Abil: Dig               |       |     1 |       ||     1
  Use: Scroll            |       |     6 |       ||     6
  Eat: Chunk             |       |     8 |     1 ||     9
Armor: Leather armour    |    16 |       |       ||    16
       Chain mail        |    31 |    89 |     1 ||   121
Dodge: Dodged            |    35 |    65 |     5 ||   105
Block: Buckler           |       |    26 |     2 ||    28
